 Dungeon Crawl Stone Soup version 0.29.1-13-g9f3cf754e1 (webtiles) character file.

Game seed: 2561823955581670109

1170 zlionsfan the Chopper (level 8, -4/78 HPs)
             Began as an Ogre Monk on Jan 27, 2023.
             Was a Believer of Makhleb.
             Slain by an ice beast (7 damage)
             ... on level 5 of the Dungeon.
             The game lasted 00:14:09 (6418 turns).

zlionsfan the Chopper (Ogre Monk)                   Turns: 6418, Time: 00:14:10

Health: -4/78      AC:  0    Str: 18    XL:     8   Next: 40%
Magic:  8/8        EV: 11    Int: 11    God:    Makhleb [**....]
Gold:   188        SH:  0    Dex: 11    Spells: 7/7 levels left

rFire   . . .      SeeInvis .   a - +0 war axe
rCold   . . .      Faith    .   C - orb {light}
rNeg    . . .      Spirit   .   D - +2 robe {Will+}
rPois   .          Reflect  .   (helmet restricted)
rElec   .          Harm     .   b - +1 cloak
rCorr   .          Rampage  .   (gloves unavailable)
Will    +....                   (boots unavailable)
Stlth   +.........              B - amulet of regeneration
HPRegen 1.03/turn               (no ring)
MPRegen 0.11/turn               (no ring)

@: corroded, glowing
A: large, unfitting armour, tough skin 1, frail 1, shaggy fur 1, wild magic 1
a: Renounce Religion, Minor Destruction


You were on level 5 of the Dungeon.
You worshipped Makhleb.
Makhleb was pleased with you.
You visited 2 branches of the dungeon, and saw 6 of its levels.
You also visited: Ossuary.

You collected 188 gold pieces.

Inventory:

Hand Weapons
 a - a +0 war axe (weapon)
Missiles
 o - 2 poisoned darts (quivered)
Armour
 b - a +1 cloak (worn)
 C - an orb of light (worn)
 D - a +2 robe of willpower (worn)
Jewellery
 g - an amulet of faith
 B - an amulet of regeneration (around neck)
Wands
 i - a wand of roots (7)
 A - a wand of charming (5)
Scrolls
 c - 2 scrolls of blinking {unknown}
 d - a scroll of enchant weapon {unknown}
 h - a scroll of enchant armour
 j - 2 scrolls of fear {unknown}
 l - a scroll of poison {unknown}
 m - 2 scrolls of vulnerability {unknown}
 n - a scroll of torment {unknown}
 p - a scroll of amnesia {unknown}
 r - 2 scrolls of teleportation
 s - 2 scrolls of noise {unknown}
 v - 3 scrolls of immolation
 y - a scroll of fog
 F - a scroll of acquirement {unknown}
Potions
 e - 2 potions of lignification
 f - a potion of might {unknown}
 k - a potion of flight {unknown}
 q - 3 potions of mutation
 t - 2 potions of heal wounds {unknown}
 u - a potion of berserk rage {unknown}
 w - a potion of curing
 x - a potion of resistance {unknown}
 z - a potion of attraction {unknown}
 E - a potion of haste {unknown}


   Skills:
 + Level 7.1 Fighting
 + Level 7.9 Axes
 + Level 0.2 Throwing
 + Level 4.4 Dodging
 + Level 2.4 Stealth


You had 7 spell levels left.
You didn't know any spells.
Your spell library was empty.

Dungeon Overview and Level Annotations

Branches:
Dungeon (5/15)             Temple (1/1) D:4         Ossuary (visited)

Altars:
Dithmenos
Elyvilon
Fedhas
Hepliaklqana
Kikubaaqudgha
Makhleb
Qazlal
Ru
Sif Muna
Trog
Vehumet
Wu Jian
Xom
The Shining One

Shops:
D:5 *

Annotations:
D:3 3 runed translucent doors, BillyBaka's ghost, amateur MiFi


Innate Abilities, Weirdness & Mutations

You are too large for most types of armour.
You have tough skin. (AC +1)
You are frail. (-10% HP)
You are covered in fur. (AC +1)
Your spells are a little harder to cast, but a little more powerful.


Message History

The jelly barely misses you. The jelly misses you.
You hit the jelly but do no damage. The acid corrodes you!
Your hands burn!
The jelly is heavily wounded.
The jelly barely misses you.
An ogre comes into view. It is wielding a +0 giant club.
The ogre shouts!
You hit the jelly.
Your hands burn!
The jelly is heavily wounded.
The jelly hits you.
You are splashed with acid!
You hit the jelly but do no damage.
Your hands burn!
The jelly is heavily wounded.
The jelly barely misses you.
You hit the jelly.
Your hands burn!
The jelly is severely wounded.
You hit the ogre but do no damage. The ogre hits you with a +0 giant club!
* * * LOW HITPOINT WARNING * * *
An ice beast comes into view.
The jelly closely misses you.
You hit the jelly but do no damage.
Your hands burn!
* * * LOW HITPOINT WARNING * * *
The jelly is severely wounded.
You hit the ogre but do no damage. The jelly completely misses you.
The ogre closely misses you.
You slash the jelly!
You kill the jelly!
Makhleb accepts your kill.
You hit the ogre. You hit the ogre but do no damage.
The ogre is lightly wounded.
You barely miss the ice beast. The ogre closely misses you.
The ice beast hits you.
* * * LOW HITPOINT WARNING * * *
The ice beast freezes you!
* * * LOW HITPOINT WARNING * * *
As you read the scroll labelled REZI KYEGODAJA, it crumbles to dust.
It is a scroll of enchant armour.
Your +0 cloak glows green for a moment.
The ice beast hits you.
* * * LOW HITPOINT WARNING * * *
The ice beast freezes you!
You die...

#.....########
#####.............
#.....####.#######
#.###.# #.#
#######.###.####.##
#.........)..##...####
.............###.###.###
.#####O##...##...##....
#@##..####.###..##
#Y##..# #...##..##
..##..# ##.###....
#.###..# #...##.#.# #.
...# ##.###.#.# #.
#.####..##..).# #.
....>......#... ..
...#######....# # ..#..#


You could see an ice beast and an ogre.

Vanquished Creatures
  Duvessa (D:5)
  A black bear (D:5)
  A kobold brigand (D:4)
  3 water moccasin zombies (Ossuary)
  3 scorpions
  Dowan (D:5)
  A jelly (D:5)
  2 hounds (D:4)
  Terence (D:2)
  2 orc wizards
  Natasha (thrice) (D:3)
  2 mummies (Ossuary)
  7 adders
  3 gnolls (D:4)
  A shadow imp (D:5)
  An ufetubus (D:5)
  3 adder zombies (Ossuary)
  3 worms (D:3)
  3 dart slugs
  9 orcs
  8 ball pythons
  7 endoplasms
  2 giant cockroaches
  2 gnoll zombies (Ossuary)
  6 goblins
  6 hobgoblins
  9 jackals
  6 kobolds
  A quokka (D:4)
  4 bats
  3 frilled lizards
  5 hobgoblin zombies (Ossuary)
  6 kobold zombies (Ossuary)
  6 orc zombies (Ossuary)
  5 rats
127 creatures vanquished.

Vanquished Creatures (others)
  2 plants (D:2)
2 creatures vanquished.

Grand Total: 129 creatures vanquished

Notes
Turn   | Place    | Note
-------+----------+-------------------------------------------
     0 | D:1      | zlionsfan the Ogre Monk began the quest for the Orb.
     0 | D:1      | Reached XP level 1. HP: 24/24 MP: 1/1
   365 | D:1      | Reached XP level 2. HP: 16/32 MP: 2/2
  1135 | D:1      | Reached XP level 3. HP: 38/40 MP: 3/3
  1460 | D:2      | Reached XP level 4. HP: 37/49 MP: 4/4
  1711 | D:2      | Noticed Terence
  1723 | D:2      | Killed Terence
  2023 | D:2      | Found a faded altar of an unknown god.
  2342 | D:3      | Noticed Natasha
  2355 | D:3      | Killed Natasha
  2356 | D:3      | Reached XP level 5. HP: 49/55 MP: 5/5
  2447 | D:3      | Reached skill level 5 in Fighting
  2814 | D:3      | Noticed Natasha
  2822 | D:3      | Gained mutation: You have hidden genetic potential. [potion
                  | of mutation]
  2822 | D:3      | Gained mutation: You are frail. (-10% HP) [potion of
                  | mutation]
  2839 | D:3      | Killed Natasha
  3116 | D:3      | Reached skill level 5 in Axes
  3116 | D:3      | Reached XP level 6. HP: 28/59 MP: 6/6
  3312 | D:3      | Noticed Natasha
  3321 | D:3      | Killed Natasha
  3322 | D:3      | Found a runed translucent gate.
  3324 | D:3      | Found a runed translucent gate.
  3418 | D:3      | Found a runed translucent gate.
  3419 | D:3      | Noticed BillyBaka's ghost (amateur MiFi)
  3487 | D:3      | Gained mutation: You are covered in fur. (AC +1) [hidden
                  | potential]
  4236 | D:4      | Found a sand-covered staircase.
  4243 | Ossuary  | Entered an ossuary
  4882 | Ossuary  | Reached XP level 7. HP: 32/66 MP: 7/7
  5095 | Ossuary  | Gained mutation: Your spells are a little harder to cast,
                  | but a little more powerful. [hidden potential]
  5095 | Ossuary  | Lost mutation: You have hidden genetic potential. [hidden
                  | potential expressed]
  5449 | D:4      | Found a staircase to the Ecumenical Temple.
  5455 | Temple   | Entered the Ecumenical Temple
  5495 | Temple   | Became a worshipper of Makhleb the Destroyer
  5495 | Temple   | Reached * piety under Makhleb
  5495 | Temple   | Reached ** piety under Makhleb
  5836 | D:4      | Identified the +1 pair of gloves of Shielding {rN+ Will++
                  | MP-9}
  5932 | D:5      | Entered Level 5 of the Dungeon
  5955 | D:5      | Reached XP level 8. HP: 42/75 MP: 8/8
  5998 | D:5      | Noticed Duvessa
  6069 | D:5      | Noticed Dowan
  6092 | D:5      | Killed Dowan
  6093 | D:5      | Killed Duvessa
  6211 | D:5      | Found Vyleel's General Store.
  6418 | D:5      | HP: 3/78 [ice beast (5)]
  6418 | D:5      | Slain by an ice beast

Illustrated notes

Levels and vault maps discovered:
D:1:      dpeg_arrival_morbid_curiosity, layout_basic
D:2:      layout_rooms, shapermc_ecumenical_altar_mp_ritualfount, uniq_terence
D:3:      layout_loops_ring, ebering_ghost_rock_garden, uniq_natasha
D:4:      layout_basic, minmay_temple_entry_statues_pillars, enter_ossuary_2
D:5:      layout_loops_ring, serial_shops, shop_statue, minmay_shop_grid_forest,
          minmay_misc_feat_hallway, uniq_duvessa
Temple:   nicolae_temple_bog_church

Skill      XL: |  1  2  3  4  5  6  7  8 |
---------------+-------------------------+-----
Dodging        | 3 4 |  4.4
Axes           | 4 5 6 7 |  7.9
Fighting       | 5 6 7 |  7.1
Stealth        | 2 |  2.4
Throwing       | |  0.2

Action                   |  1- 3 |  4- 6 |  7- 9 || total
-------------------------+-------+-------+-------++-------
Melee: Hand axe          |    99 |   229 |    19 ||   347
       Punch             |     1 |     1 |       ||     2
       War axe           |       |       |   131 ||   131
Throw: Dart              |       |     4 |       ||     4
Evoke: Wand              |       |       |     1 ||     1
  Use: Potion            |       |     5 |     3 ||     8
       Scroll            |       |       |     5 ||     5
 Stab: Sleeping          |     2 |     6 |     2 ||    10
Armor: Robe              |    36 |    77 |    33 ||   146
       Skin              |       |     3 |    21 ||    24
Dodge: Dodged            |    51 |   117 |    88 ||   256
